Whale vs Tigers

Created - Monday, December 14, 2015 at 03:12

Goals
1 2 3 T
Whale 0 0 0 0
Tigers 1 0 0 1
Shots
1 2 3 T
Whale 4 3 10 17
Tigers 11 6 20 37

1st period

1. Tigers , Cody McLeod 2 (Ty Rattie) at 13:05

Penalties :
Cody McLeod (BRI) for Fighting (Major) at 2:13, Brennan Evans (CON) for Fighting (Major) at 2:13, Brandon Defazio (BRI) for Hooking (Minor) at 8:43, Corey Tropp (CON) for Hooking (Minor) at 18:14

2nd period

No Goal

Penalties :
Brandon Bollig (BRI) for Fighting (Major) at 0:45, John McCarthy (CON) for Fighting (Major) at 0:45, John McCarthy (CON) for instigated a fight (Minor) at 0:45, John McCarthy (CON) for instigated a fight (10 Minutes Misconduct) at 0:45

3rd period

No Goal

Penalties :
FARM PLAYER1 (CON) for Tripping (Minor) at 1:55, Matt Halischuk (CON) for Hooking (Minor) at 16:33

Goalie Stats

Calvin Pickard (CON), 36 saves from 37 shots - (0.973), L, 13-6-5, 59:04 minutes
Cam Ward (BRI), 17 saves from 17 shots - (1.000), W, 14-2-8, 60:00 minutes

Players Stats for Whale

Player Name              G  A  P  +/- PIM S  H  SB GA TA FO     MP     PP MP  PK MP  
------------------------------------------------------------------------------------
Alan Quine               0  0  0   0  0   1  0  0  2  1  2/8    14:19   0:00   0:00 
Brendan Ranford          0  0  0   0  0   1  0  0  0  1  0/0    12:39   0:00   0:00 
Brendan Woods            0  0  0   0  0   0  0  0  0  0  0/0     2:20   0:00   0:00 
Brennan Evans            0  0  0   0  5   1  1  1  0  0  0/0    24:11   1:05   5:02 
Brent Regner             0  0  0   0  0   0  0  1  0  2  0/0     6:21   1:05   0:00 
Colin Fraser             0  0  0   0  0   2  1  0  2  0  3/4    15:03   0:00   0:49 
Corey Tropp              0  0  0   0  2   0  2  0  1  1  0/0    12:13   1:02   0:56 
Darren Dietz             0  0  0  -1  0   0  0  3  0  1  0/0    25:24   0:54   4:53 
Denny Urban              0  0  0  -1  0   1  0  0  0  0  0/0    21:56   0:54   2:54 
Ethan Werek              0  0  0   0  0   0  0  0  0  0  0/0     3:10   0:00   0:00 
FARM PLAYER1             0  0  0   0  2   0  0  0  0  0  0/0    20:39   0:00   3:52 
Iiro Pakarinen           0  0  0  -1  0   6  4  1  5  1  0/2    18:18   0:57   0:00 
John McCarthy            0  0  0  -1  17  0  1  2  1  0  0/0    13:46   0:57   0:00 
Matt Halischuk           0  0  0   0  2   1  1  2  2  0  0/1    20:52   1:02   4:43 
Nick Tarnasky            0  0  0   0  0   0  0  0  1  1  0/0    15:11   0:00   1:28 
Pierre-Edouard Bellemare 0  0  0   0  0   1  2  5  1  1  7/13   23:24   1:02   5:53 
Reece Scarlett           0  0  0   0  0   0  0  1  0  2  0/0    21:57   0:00   0:00 
Shane Prince             0  0  0  -1  0   3  2  0  3  1  7/13   20:06   0:57   1:14 

Players Stats for Tigers

Player Name              G  A  P  +/- PIM S  H  SB GA TA FO     MP     PP MP  PK MP  
------------------------------------------------------------------------------------
Adam Comrie              0  0  0   0  0   1  0  0  0  0  0/0    19:51   2:36   0:00 
Alexander Khokhlachev    0  0  0   0  0   5  1  0  2  2  10/16  20:22   4:03   0:47 
Anthony Peluso           0  0  0   0  0   4  1  0  3  0  0/0    12:29   0:00   0:00 
Brandon Bollig           0  0  0   0  5   2  1  1  1  1  0/0    20:10   2:55   1:09 
Brandon Defazio          0  0  0   0  2   0  1  1  2  1  0/0    11:30   0:00   0:00 
Carter Rowney            0  0  0   1  0   2  1  0  2  0  6/11   16:10   3:53   0:00 
Chandler Stephenson      0  0  0   0  0   1  3  0  0  0  3/4    13:22   0:00   0:52 
Cody McLeod              1  0  1   1  5   5  3  0  5  0  0/2    15:33   0:00   0:30 
Connor Carrick           0  0  0   0  0   0  0  0  0  2  0/0    10:33   1:03   0:00 
Harry Zolnierczyk        0  0  0   0  0   0  2  0  1  1  3/7    12:51   0:58   0:00 
Ian White                0  0  0   0  0   0  0  0  0  0  0/0     0:00   0:00   0:00 
Jordan Leopold           0  0  0   0  0   1  1  0  1  0  0/0    17:27   0:00   1:59 
Kane Lafranchise         0  0  0   1  0   1  0  2  0  2  0/0    24:20   3:39   0:00 
Keith Seabrook           0  0  0   1  0   2  0  0  0  0  0/0    19:59   4:17   0:00 
Kyle Quincey             0  0  0   0  0   1  1  0  0  1  0/0    27:46   4:17   1:59 
Patrick Kaleta           0  0  0   0  0   4  4  0  3  0  0/0    19:55   4:03   0:20 
Ronalds Kenins           0  0  0   0  0   4  2  0  5  1  0/1    18:54   4:03   0:00 
Ty Rattie                0  1  1   1  0   4  2  1  4  0  0/0    16:36   3:53   0:20 

3 Stars

1 - Calvin Pickard (CON)
2 - Cam Ward (BRI)
3 - Ty Rattie (BRI)

Power Play

Whale - 0 on 1 Attempt(s) - 0.00%
Tigers - 0 on 4 Attempt(s) - 0.00%

Penalty Kill

Whale - 4 on 4 Attempt(s) - 100.00% - Score 0 goal in Penalty Kill
Tigers - 1 on 1 Attempt(s) - 100.00% - Score 0 goal in Penalty Kill

Team Stat

Whale - Hits : 14 - Faceoff Wins : 19 - Blocked Shots : 16 - Penalty Minutes : 28
Tigers - Hits : 23 - Faceoff Wins : 22 - Blocked Shots : 5 - Penalty Minutes : 12

Official

Referees : Unknown
Linesman : Unknown

Game Notes

Cody McLeod beats up Brennan Evans at 2:13 of 1st period
Brent Regner is injured at 16:30 of 1st period (Broken Ribs)
Brandon Bollig beats up John McCarthy at 0:45 of 2nd period
Adam Comrie is injured at 13:18 of 3rd period (Sprained Left Knee)

Finance

Level 1 -- Attendance: 1459 (72.95%) -- Ticket Income $51,065
Level 2 -- Attendance: 800 (80.00%) -- Ticket Income $12,000
Total Attendance: 2259 (75.30%)
Total Ticket Income: $63,065
Other Income: $30,902
Total Income: $93,967

Whale

5 vs 5 Forward 
   Center                   Left Wing                Right Wing               Time % Phy DF OF 
 1 Pierre-Edouard Bellemare Matt Halischuk           Corey Tropp              35     1   2  2  
 2 Shane Prince             John McCarthy            Iiro Pakarinen           30     1   2  2  
 3 Alan Quine               Brendan Ranford          Pierre-Edouard Bellemare 22     1   2  2  
 4 Colin Fraser             Nick Tarnasky            Matt Halischuk           13     1   2  2  

5 vs 5 Defense 
   Defense                  Defense                                           Time % Phy DF OF 
 1 Brent Regner             Brennan Evans                                     35     1   2  2  
 2 Darren Dietz             Denny Urban                                       30     1   2  2  
 3 Reece Scarlett           FARM PLAYER1                                      22     1   2  2  
 4 Brent Regner             Brennan Evans                                     13     1   2  2  

PowerPlay Forward 
   Center                   Left Wing                Right Wing               Time % Phy DF OF 
 1 Pierre-Edouard Bellemare Matt Halischuk           Corey Tropp              60     1   2  2  
 2 Shane Prince             John McCarthy            Iiro Pakarinen           40     1   2  2  

PowerPlay Defense
   Defense                  Defense                                           Time % Phy DF OF 
 1 Brent Regner             Brennan Evans                                     60     1   2  2  
 2 Darren Dietz             Denny Urban                                       40     1   2  2  

Penalty Kill 4 Players Forward 
   Center                   Wing                     Time % Phy DF OF 
 1 Pierre-Edouard Bellemare Matt Halischuk           60     1   2  2  
 2 Corey Tropp              Shane Prince             40     1   2  2  

Penalty Kill 4 Players Defense
   Defense                  Defense                  Time % Phy DF OF 
 1 Brent Regner             Brennan Evans            60     1   2  2  
 2 Darren Dietz             Denny Urban              40     1   2  2  

Penalty Kill - 3 Players Forward 
   Forward                                           Time % Phy DF OF 
 1 Pierre-Edouard Bellemare                          60     1   2  2  
 2 Matt Halischuk                                    40     1   2  2  

Penalty Kill - 3 Players Defense
   Defense                  Defense                  Time % Phy DF OF 
 1 Brent Regner             Brennan Evans            60     1   2  2  
 2 Darren Dietz             Denny Urban              40     1   2  2  

4 vs 4 Forward 
   Center                   Wing                     Time % Phy DF OF 
 1 Pierre-Edouard Bellemare Matt Halischuk           60     1   2  2  
 2 Corey Tropp              Shane Prince             40     1   2  2  

4 vs 4 Defense
   Defense                  Defense                  Time % Phy DF OF 
 1 Brent Regner             Brennan Evans            60     1   2  2  
 2 Darren Dietz             Denny Urban              40     1   2  2  

Last Minutes Offensive
   Center                   Left Wing                Right Wing               Defense                  Defense                  
   Pierre-Edouard Bellemare Matt Halischuk           Corey Tropp              Brent Regner             Brennan Evans            

Last Minutes Defensive
   Center                   Left Wing                Right Wing               Defense                  Defense                  
   Pierre-Edouard Bellemare Matt Halischuk           Corey Tropp              Brent Regner             Brennan Evans            

Goaltenders
Starting : Calvin Pickard           
Backup : Louis Domingue           

Extra Forwards
Normal : Alan Quine, Brendan Ranford, Nick Tarnasky - PP : Alan Quine, Brendan Ranford - PK : Nick Tarnasky
Extra Defensemen
Normal : Reece Scarlett, FARM PLAYER1, Darren Dietz - PP : Reece Scarlett - PK : FARM PLAYER1, Darren Dietz
Penalty Shots
Pierre-Edouard Bellemare, Matt Halischuk, Corey Tropp, Shane Prince, Alan Quine

Tigers

5 vs 5 Forward 
   Center                   Left Wing                Right Wing               Time % Phy DF OF 
 1 Alexander Khokhlachev    Cody McLeod              Patrick Kaleta           35     1   2  2  
 2 Carter Rowney            Brandon Bollig           Ty Rattie                30     1   2  2  
 3 Chandler Stephenson      Ronalds Kenins           Anthony Peluso           22     1   2  2  
 4 Harry Zolnierczyk        Brandon Defazio          Brandon Bollig           13     1   2  2  

5 vs 5 Defense 
   Defense                  Defense                                           Time % Phy DF OF 
 1 Kyle Quincey             Jordan Leopold                                    35     1   2  2  
 2 Adam Comrie              Kane Lafranchise                                  30     1   2  2  
 3 Kane Lafranchise         Keith Seabrook                                    22     1   2  2  
 4 Kyle Quincey             Connor Carrick                                    13     1   2  2  

PowerPlay Forward 
   Center                   Left Wing                Right Wing               Time % Phy DF OF 
 1 Alexander Khokhlachev    Ronalds Kenins           Patrick Kaleta           60     1   2  2  
 2 Carter Rowney            Brandon Bollig           Ty Rattie                40     1   2  2  

PowerPlay Defense
   Defense                  Defense                                           Time % Phy DF OF 
 1 Kyle Quincey             Keith Seabrook                                    60     1   2  2  
 2 Adam Comrie              Kane Lafranchise                                  40     1   2  2  

Penalty Kill 4 Players Forward 
   Center                   Wing                     Time % Phy DF OF 
 1 Alexander Khokhlachev    Brandon Bollig           60     1   2  2  
 2 Patrick Kaleta           Ty Rattie                40     1   2  2  

Penalty Kill 4 Players Defense
   Defense                  Defense                  Time % Phy DF OF 
 1 Kyle Quincey             Jordan Leopold           60     1   2  2  
 2 Adam Comrie              Kane Lafranchise         40     1   2  2  

Penalty Kill - 3 Players Forward 
   Forward                                           Time % Phy DF OF 
 1 Patrick Kaleta                                    60     1   2  2  
 2 Brandon Bollig                                    40     1   2  2  

Penalty Kill - 3 Players Defense
   Defense                  Defense                  Time % Phy DF OF 
 1 Kyle Quincey             Keith Seabrook           60     1   2  2  
 2 Adam Comrie              Kane Lafranchise         40     1   2  2  

4 vs 4 Forward 
   Center                   Wing                     Time % Phy DF OF 
 1 Cody McLeod              Brandon Bollig           60     1   2  2  
 2 Patrick Kaleta           Ty Rattie                40     1   2  2  

4 vs 4 Defense
   Defense                  Defense                  Time % Phy DF OF 
 1 Kyle Quincey             Kane Lafranchise         60     1   2  2  
 2 Adam Comrie              Keith Seabrook           40     1   2  2  

Last Minutes Offensive
   Center                   Left Wing                Right Wing               Defense                  Defense                  
   Alexander Khokhlachev    Cody McLeod              Patrick Kaleta           Kyle Quincey             Jordan Leopold           

Last Minutes Defensive
   Center                   Left Wing                Right Wing               Defense                  Defense                  
   Alexander Khokhlachev    Cody McLeod              Patrick Kaleta           Kyle Quincey             Jordan Leopold           

Goaltenders
Starting : Cam Ward                 
Backup : Scott Munroe             

Extra Forwards
Normal : Harry Zolnierczyk, Ronalds Kenins, Brandon Defazio - PP : Harry Zolnierczyk, Ronalds Kenins - PK : Brandon Defazio
Extra Defensemen
Normal : Kane Lafranchise, Keith Seabrook, Adam Comrie - PP : Kane Lafranchise - PK : Keith Seabrook, Adam Comrie
Penalty Shots
Brandon Defazio, Brandon Bollig, Patrick Kaleta, Ty Rattie, Ronalds Kenins

% Time on Ice - Whale

Lines # - Real PCT - Wanted PCT - Time Play
Normal Forward
1 - 19% - 35% - 9:26
2 - 39% - 30% - 19:18
3 - 23% - 22% - 11:30
4 - 19% - 13% - 9:23
Normal Defense
1 - 40% - 35% - 19:48
2 - 27% - 30% - 13:14
3 - 23% - 22% - 11:10
4 - 11% - 13% - 5:25
PP Forward
1 - 52% - 60% - 1:02
2 - 48% - 40% - 0:57
PP Defense
1 - 55% - 60% - 1:05
2 - 45% - 40% - 0:54
PK Forward
1 - 84% - 60% - 6:42
2 - 16% - 40% - 1:14
PK Defense
1 - 63% - 60% - 5:02
2 - 37% - 40% - 2:54
PK3 Forward
1 - 0% - 60%
2 - 0% - 40%
PK3 Defense
1 - 0% - 60%
2 - 0% - 40%
44 Forward
1 - 0% - 60%
2 - 0% - 40%
44 Defense
1 - 0% - 60%
2 - 0% - 40%
Last Minute Offensive  - 0:28
Last Minute Defensive  - 0:00
Total
Forward - 60:00
Defense - 60:00

% Time on Ice - Tigers

Lines # - Real PCT - Wanted PCT - Time Play
Normal Forward
1 - 31% - 35% - 15:11
2 - 25% - 30% - 12:19
3 - 25% - 22% - 12:29
4 - 20% - 13% - 9:44
Normal Defense
1 - 33% - 35% - 16:32
2 - 29% - 30% - 14:37
3 - 19% - 22% - 9:31
4 - 18% - 13% - 9:03
PP Forward
1 - 51% - 60% - 4:03
2 - 49% - 40% - 3:53
PP Defense
1 - 54% - 60% - 4:17
2 - 46% - 40% - 3:39
PK Forward
1 - 83% - 60% - 1:39
2 - 17% - 40% - 0:20
PK Defense
1 - 100% - 60% - 1:59
2 - 0% - 40% - 0:00
PK3 Forward
1 - 0% - 60%
2 - 0% - 40%
PK3 Defense
1 - 0% - 60%
2 - 0% - 40%
44 Forward
1 - 0% - 60%
2 - 0% - 40%
44 Defense
1 - 0% - 60%
2 - 0% - 40%
Last Minute Offensive  - 0:00
Last Minute Defensive  - 0:22
Total
Forward - 60:00
Defense - 60:00

Play by Play

1st period


0:01 of 1st period - Pierre-Edouard Bellemare wins face-off versus Alexander Khokhlachev in neutral zone.
0:46 of 1st period - Snap shot by Jordan Leopold.
0:46 of 1st period - Stopped by Calvin Pickard with a rebound.
0:48 of 1st period - Slapshot by Jordan Leopold.
0:48 of 1st period - Deflect By Ty Rattie.
0:48 of 1st period - Shot Blocked by John McCarthy.
0:48 of 1st period - Puck is out of play.
0:49 of 1st period - Shane Prince wins face-off versus Carter Rowney in Whale zone.
0:54 of 1st period - Brandon Bollig is hit by Shane Prince and loses puck.
1:01 of 1st period - Snap shot by Iiro Pakarinen.
1:01 of 1st period - Stopped by Cam Ward with a rebound.
1:03 of 1st period - Snap shot by Denny Urban.
1:03 of 1st period - Stopped by Cam Ward with a rebound.
1:05 of 1st period - Snap shot by Denny Urban.
1:05 of 1st period - Shot Blocked by Ty Rattie.
1:17 of 1st period - Wrist shot by Iiro Pakarinen.
1:17 of 1st period - Shot Misses the Net.
1:19 of 1st period - Snap shot by Iiro Pakarinen.
1:19 of 1st period - Shot Blocked by Kane Lafranchise.
2:01 of 1st period - Reece Scarlett is hit by Anthony Peluso and loses puck.
2:13 of 1st period - Cody McLeod beats up Brennan Evans.
2:13 of 1st period - Penalty to Cody McLeod for Fighting.
2:13 of 1st period - Penalty to Brennan Evans for Fighting.
2:14 of 1st period - Colin Fraser wins face-off versus Harry Zolnierczyk in Whale zone.
2:27 of 1st period - Snap shot by Matt Halischuk.
2:27 of 1st period - Stopped by Cam Ward with a rebound.
3:06 of 1st period - Icing by Pierre-Edouard Bellemare.
3:07 of 1st period - Alexander Khokhlachev wins face-off versus Alan Quine in Whale zone.
4:40 of 1st period - Slapshot by Anthony Peluso.
4:40 of 1st period - Shot Hit the Post.
4:42 of 1st period - Wrist shot by Ronalds Kenins.
4:42 of 1st period - Stopped by Calvin Pickard with a rebound.
4:44 of 1st period - Wrist shot by Chandler Stephenson.
4:44 of 1st period - Stopped by Calvin Pickard without a rebound.
4:45 of 1st period - Colin Fraser wins face-off versus Harry Zolnierczyk in Whale zone.
5:08 of 1st period - Snap shot by Harry Zolnierczyk.
5:08 of 1st period - Shot Misses the Net.
5:10 of 1st period - Wrist shot by Adam Comrie.
5:10 of 1st period - Shot Blocked by Matt Halischuk.
5:27 of 1st period - Wrist shot by Ty Rattie.
5:27 of 1st period - Stopped by Calvin Pickard with a rebound.
5:50 of 1st period - Denny Urban is hit by Chandler Stephenson and loses puck.
6:13 of 1st period - Wrist shot by Harry Zolnierczyk.
6:13 of 1st period - Shot Misses the Net.
6:15 of 1st period - Wrist shot by Patrick Kaleta.
6:15 of 1st period - Shot Blocked by Darren Dietz.
7:55 of 1st period - Patrick Kaleta is hit by Brennan Evans and loses puck.
8:04 of 1st period - Snap shot by Cody McLeod.
8:04 of 1st period - Deflect By Alexander Khokhlachev.
8:04 of 1st period - Stopped by Calvin Pickard without a rebound.
8:05 of 1st period - Alexander Khokhlachev wins face-off versus Shane Prince in Whale zone.
8:16 of 1st period - Snap shot by Iiro Pakarinen.
8:16 of 1st period - Stopped by Cam Ward with a rebound.
8:43 of 1st period - Minor Penalty to Brandon Defazio for Hooking.
8:44 of 1st period - Alexander Khokhlachev wins face-off versus Matt Halischuk in Tigers zone.
9:37 of 1st period - Darren Dietz is hit by Jordan Leopold and loses puck.
9:44 of 1st period - Kyle Quincey is hit by John McCarthy and loses puck.
10:14 of 1st period - Pierre-Edouard Bellemare is hit by Ty Rattie and loses puck.
10:32 of 1st period - Kyle Quincey is hit by Iiro Pakarinen.
10:43 of 1st period - Penalty to Brandon Defazio is over, Brandon Defazio is back on ice.
11:12 of 1st period - Alan Quine is hit by Kyle Quincey and loses puck.
11:52 of 1st period - Ty Rattie is hit by Colin Fraser and loses puck.
13:03 of 1st period - Wrist shot by Cody McLeod.
13:03 of 1st period - Stopped by Calvin Pickard with a rebound.
13:05 of 1st period - Slapshot by Cody McLeod.
13:05 of 1st period - Goal by Cody McLeod - Whale : 0 - Tigers : 1.
13:06 of 1st period - Carter Rowney wins face-off versus Shane Prince in neutral zone.
13:09 of 1st period - Snap shot by Ty Rattie.
13:09 of 1st period - Deflect By Shane Prince.
13:09 of 1st period - Shot Misses the Net.
13:09 of 1st period - Puck is out of play.
13:10 of 1st period - Carter Rowney wins face-off versus Iiro Pakarinen in Whale zone.
13:11 of 1st period - Snap shot by Ty Rattie.
13:11 of 1st period - Shot Hit the Post.
15:05 of 1st period - Icing by Anthony Peluso.
15:06 of 1st period - Chandler Stephenson wins face-off versus Alan Quine in Tigers zone.
15:30 of 1st period - Adam Comrie is hit by Shane Prince and loses puck.
15:43 of 1st period - Brennan Evans is hit by Brandon Bollig and loses puck.
16:00 of 1st period - Darren Dietz is hit by Cody McLeod and loses puck.
16:22 of 1st period - Wrist shot by Carter Rowney.
16:22 of 1st period - Shot Blocked by Pierre-Edouard Bellemare.
16:24 of 1st period - Slapshot by Jordan Leopold.
16:24 of 1st period - Deflect By Ty Rattie.
16:24 of 1st period - Shot Misses the Net.
16:24 of 1st period - Puck is out of play.
16:25 of 1st period - Carter Rowney wins face-off versus Colin Fraser in Whale zone.
16:26 of 1st period - Snap shot by Ty Rattie.
16:26 of 1st period - Stopped by Calvin Pickard with a rebound.
16:28 of 1st period - Snap shot by Ty Rattie.
16:28 of 1st period - Shot Misses the Net.
16:30 of 1st period - Slapshot by Kane Lafranchise.
16:30 of 1st period - Shot Blocked by Brent Regner.
16:30 of 1st period - Brent Regner from Whale is injured at 16:30 of 1st period (Broken Ribs).
16:31 of 1st period - Pierre-Edouard Bellemare wins face-off versus Carter Rowney in Whale zone.
16:46 of 1st period - Slapshot by Carter Rowney.
16:46 of 1st period - Shot Misses the Net.
16:48 of 1st period - Wrist shot by Carter Rowney.
16:48 of 1st period - Shot Misses the Net.
16:50 of 1st period - Slapshot by Kyle Quincey.
16:50 of 1st period - Deflect By Brandon Bollig.
16:50 of 1st period - Stopped by Calvin Pickard without a rebound.
16:51 of 1st period - Carter Rowney wins face-off versus Pierre-Edouard Bellemare in Whale zone.
17:07 of 1st period - Off-side.
17:08 of 1st period - Shane Prince wins face-off versus Alexander Khokhlachev in neutral zone.
17:29 of 1st period - Slapshot by Patrick Kaleta.
17:29 of 1st period - Stopped by Calvin Pickard with a rebound.
17:31 of 1st period - Slapshot by Adam Comrie.
17:31 of 1st period - Stopped by Calvin Pickard with a rebound.
17:33 of 1st period - Snap shot by Kane Lafranchise.
17:33 of 1st period - Shot Blocked by Darren Dietz.
18:14 of 1st period - Minor Penalty to Corey Tropp for Hooking.
18:15 of 1st period - Pierre-Edouard Bellemare wins face-off versus Carter Rowney in Whale zone.
19:05 of 1st period - Matt Halischuk is hit by Patrick Kaleta and loses puck.
19:48 of 1st period - Brennan Evans is hit by Ty Rattie and loses puck.
Goals for this period are 0 for Whale vs 1 for Tigers.
Shots for this period are 4 for Whale vs 11 for Tigers.

2nd period


0:01 of 2nd period - Pierre-Edouard Bellemare wins face-off versus Alexander Khokhlachev in neutral zone.
0:09 of 2nd period - Off-side.
0:10 of 2nd period - Alexander Khokhlachev wins face-off versus Pierre-Edouard Bellemare in neutral zone.
0:14 of 2nd period - Penalty to Corey Tropp is over, Corey Tropp is back on ice.
0:21 of 2nd period - Wrist shot by Ronalds Kenins.
0:21 of 2nd period - Shot Blocked by Brennan Evans.
0:23 of 2nd period - Slapshot by Patrick Kaleta.
0:23 of 2nd period - Stopped by Calvin Pickard with a rebound.
0:28 of 2nd period - Wrist shot by Alexander Khokhlachev.
0:28 of 2nd period - Stopped by Calvin Pickard without a rebound.
0:29 of 2nd period - Carter Rowney wins face-off versus Shane Prince in Whale zone.
0:45 of 2nd period - Brandon Bollig beats up John McCarthy.
0:45 of 2nd period - Penalty to Brandon Bollig for Fighting.
0:45 of 2nd period - Penalty to John McCarthy for Fighting.
0:45 of 2nd period - Penalty to John McCarthy for instigated a fight.
0:45 of 2nd period - Penalty to John McCarthy for instigated a fight.
0:46 of 2nd period - Alexander Khokhlachev wins face-off versus Pierre-Edouard Bellemare in Tigers zone.
0:51 of 2nd period - Snap shot by Ronalds Kenins.
0:51 of 2nd period - Shot Misses the Net.
2:38 of 2nd period - Pierre-Edouard Bellemare is hit by Harry Zolnierczyk and loses puck.
2:45 of 2nd period - Penalty to John McCarthy is over, Nick Tarnasky is send on ice.
3:07 of 2nd period - Reece Scarlett is hit by Ronalds Kenins and loses puck.
3:13 of 2nd period - Icing by Iiro Pakarinen.
3:14 of 2nd period - Harry Zolnierczyk wins face-off versus Shane Prince in Whale zone.
4:00 of 2nd period - Alan Quine is hit by Alexander Khokhlachev and loses puck.
4:45 of 2nd period - Brendan Ranford is hit by Carter Rowney and loses puck.
4:54 of 2nd period - Wrist shot by Shane Prince.
4:54 of 2nd period - Stopped by Cam Ward with a rebound.
4:56 of 2nd period - Wrist shot by Shane Prince.
4:56 of 2nd period - Shot Misses the Net.
5:23 of 2nd period - Kyle Quincey is hit by Pierre-Edouard Bellemare and loses puck.
6:07 of 2nd period - Icing by Kane Lafranchise.
6:08 of 2nd period - Shane Prince wins face-off versus Chandler Stephenson in Tigers zone.
6:44 of 2nd period - Brendan Ranford is hit by Harry Zolnierczyk.
7:17 of 2nd period - Connor Carrick is hit by Iiro Pakarinen and loses puck.
8:04 of 2nd period - Brendan Ranford is hit by Cody McLeod and loses puck.
8:29 of 2nd period - Ronalds Kenins is hit by Iiro Pakarinen and loses puck.
9:19 of 2nd period - Anthony Peluso is hit by Pierre-Edouard Bellemare and loses puck.
9:26 of 2nd period - Snap shot by Shane Prince.
9:26 of 2nd period - Deflect By Brendan Ranford.
9:26 of 2nd period - Stopped by Cam Ward without a rebound.
9:27 of 2nd period - Shane Prince wins face-off versus Ronalds Kenins in Tigers zone.
9:46 of 2nd period - Ty Rattie is hit by Corey Tropp and loses puck.
10:11 of 2nd period - Slapshot by Cody McLeod.
10:11 of 2nd period - Shot Blocked by Matt Halischuk.
10:54 of 2nd period - Snap shot by Shane Prince.
10:54 of 2nd period - Deflect By Harry Zolnierczyk.
10:54 of 2nd period - Shot Misses the Net.
10:54 of 2nd period - Puck is out of play.
10:55 of 2nd period - Shane Prince wins face-off versus Cody McLeod in Tigers zone.
11:35 of 2nd period - Wrist shot by Ronalds Kenins.
11:35 of 2nd period - Shot Blocked by Darren Dietz.
11:37 of 2nd period - Snap shot by Anthony Peluso.
11:37 of 2nd period - Stopped by Calvin Pickard with a rebound.
13:39 of 2nd period - Wrist shot by Alexander Khokhlachev.
13:39 of 2nd period - Stopped by Calvin Pickard with a rebound.
13:50 of 2nd period - Icing by Pierre-Edouard Bellemare.
13:51 of 2nd period - Chandler Stephenson wins face-off versus Alan Quine in Whale zone.
14:02 of 2nd period - Snap shot by Ronalds Kenins.
14:02 of 2nd period - Shot Misses the Net.
14:04 of 2nd period - Snap shot by Ronalds Kenins.
14:04 of 2nd period - Shot Misses the Net.
14:06 of 2nd period - Slapshot by Anthony Peluso.
14:06 of 2nd period - Shot Blocked by Pierre-Edouard Bellemare.
14:38 of 2nd period - Shane Prince is hit by Brandon Defazio and loses puck.
14:51 of 2nd period - Wrist shot by Cody McLeod.
14:51 of 2nd period - Shot Misses the Net.
15:11 of 2nd period - Slapshot by Anthony Peluso.
15:11 of 2nd period - Shot Blocked by Iiro Pakarinen.
15:23 of 2nd period - Shane Prince is hit by Patrick Kaleta and loses puck.
15:34 of 2nd period - Backhand shot by Patrick Kaleta.
15:34 of 2nd period - Stopped by Calvin Pickard with a rebound.
15:36 of 2nd period - Wrist shot by Alexander Khokhlachev.
15:36 of 2nd period - Stopped by Calvin Pickard with a rebound.
15:45 of 2nd period - 10 Minutes Misconduct Penalty to John McCarthy is over.
16:46 of 2nd period - Wrist shot by Corey Tropp.
16:46 of 2nd period - Shot Misses the Net.
16:48 of 2nd period - Wrist shot by Colin Fraser.
16:48 of 2nd period - Stopped by Cam Ward with a rebound.
16:50 of 2nd period - Slapshot by FARM PLAYER1.
16:50 of 2nd period - Shot Misses the Net.
18:18 of 2nd period - Snap shot by Corey Tropp.
18:18 of 2nd period - Deflect By Patrick Kaleta.
18:18 of 2nd period - Shot Misses the Net.
18:18 of 2nd period - Puck is out of play.
18:19 of 2nd period - Colin Fraser wins face-off versus Alexander Khokhlachev in Tigers zone.
18:26 of 2nd period - Slapshot by Brendan Woods.
18:26 of 2nd period - Shot Misses the Net.
18:42 of 2nd period - Ethan Werek is hit by Chandler Stephenson and loses puck.
19:05 of 2nd period - Backhand shot by Ty Rattie.
19:05 of 2nd period - Shot Blocked by Reece Scarlett.
19:30 of 2nd period - Reece Scarlett is hit by Patrick Kaleta.
19:49 of 2nd period - Reece Scarlett is hit by Patrick Kaleta and loses puck.
Goals for this period are 0 for Whale vs 0 for Tigers.
Shots for this period are 3 for Whale vs 6 for Tigers.

3rd period


0:01 of 3rd period - Alexander Khokhlachev wins face-off versus Pierre-Edouard Bellemare in neutral zone.
0:56 of 3rd period - Backhand shot by Carter Rowney.
0:56 of 3rd period - Stopped by Calvin Pickard without a rebound.
0:57 of 3rd period - Shane Prince wins face-off versus Carter Rowney in Whale zone.
1:22 of 3rd period - Snap shot by Ty Rattie.
1:22 of 3rd period - Shot Misses the Net.
1:55 of 3rd period - Minor Penalty to FARM PLAYER1 for Tripping.
1:56 of 3rd period - Pierre-Edouard Bellemare wins face-off versus Alexander Khokhlachev in Whale zone.
2:20 of 3rd period - Snap shot by Alexander Khokhlachev.
2:20 of 3rd period - Shot Blocked by Pierre-Edouard Bellemare.
2:22 of 3rd period - Backhand shot by Kyle Quincey.
2:22 of 3rd period - Stopped by Calvin Pickard without a rebound.
2:23 of 3rd period - Pierre-Edouard Bellemare wins face-off versus Carter Rowney in Whale zone.
2:29 of 3rd period - Icing by Kane Lafranchise.
2:30 of 3rd period - Carter Rowney wins face-off versus Pierre-Edouard Bellemare in Tigers zone.
3:43 of 3rd period - Snap shot by Patrick Kaleta.
3:43 of 3rd period - Stopped by Calvin Pickard with a rebound.
3:45 of 3rd period - Wrist shot by Ronalds Kenins.
3:45 of 3rd period - Deflect By Alexander Khokhlachev.
3:45 of 3rd period - Stopped by Calvin Pickard with a rebound.
3:55 of 3rd period - Penalty to FARM PLAYER1 is over, FARM PLAYER1 is back on ice.
4:32 of 3rd period - Reece Scarlett is hit by Ronalds Kenins and loses puck.
4:41 of 3rd period - Slapshot by Ronalds Kenins.
4:41 of 3rd period - Stopped by Calvin Pickard without a rebound.
4:42 of 3rd period - Alexander Khokhlachev wins face-off versus Alan Quine in Whale zone.
4:47 of 3rd period - Wrist shot by Cody McLeod.
4:47 of 3rd period - Deflect By Patrick Kaleta.
4:47 of 3rd period - Shot Misses the Net.
4:47 of 3rd period - Puck is out of play.
4:48 of 3rd period - Alexander Khokhlachev wins face-off versus Alan Quine in Whale zone.
5:00 of 3rd period - Wrist shot by Alexander Khokhlachev.
5:00 of 3rd period - Shot Misses the Net.
5:56 of 3rd period - Slapshot by Colin Fraser.
5:56 of 3rd period - Stopped by Cam Ward with a rebound.
5:58 of 3rd period - Snap shot by Matt Halischuk.
5:58 of 3rd period - Shot Blocked by Kane Lafranchise.
6:00 of 3rd period - Slapshot by Denny Urban.
6:00 of 3rd period - Shot Blocked by Brandon Defazio.
6:04 of 3rd period - Wrist shot by Colin Fraser.
6:04 of 3rd period - Shot Blocked by Brandon Bollig.
6:32 of 3rd period - Wrist shot by Anthony Peluso.
6:32 of 3rd period - Stopped by Calvin Pickard with a rebound.
6:34 of 3rd period - Snap shot by Anthony Peluso.
6:34 of 3rd period - Stopped by Calvin Pickard without a rebound.
6:35 of 3rd period - Alexander Khokhlachev wins face-off versus Shane Prince in Whale zone.
7:19 of 3rd period - Slapshot by Jordan Leopold.
7:19 of 3rd period - Shot Misses the Net.
8:39 of 3rd period - Slapshot by Iiro Pakarinen.
8:39 of 3rd period - Shot Misses the Net.
8:41 of 3rd period - Slapshot by Shane Prince.
8:41 of 3rd period - Stopped by Cam Ward without a rebound.
8:42 of 3rd period - Shane Prince wins face-off versus Harry Zolnierczyk in Tigers zone.
8:45 of 3rd period - Wrist shot by Iiro Pakarinen.
8:45 of 3rd period - Shot Misses the Net.
8:47 of 3rd period - Wrist shot by Iiro Pakarinen.
8:47 of 3rd period - Stopped by Cam Ward with a rebound.
8:49 of 3rd period - Slapshot by Brennan Evans.
8:49 of 3rd period - Stopped by Cam Ward without a rebound.
8:50 of 3rd period - Harry Zolnierczyk wins face-off versus Shane Prince in Tigers zone.
9:21 of 3rd period - Wrist shot by Ronalds Kenins.
9:21 of 3rd period - Stopped by Calvin Pickard with a rebound.
9:23 of 3rd period - Backhand shot by Ronalds Kenins.
9:23 of 3rd period - Stopped by Calvin Pickard with a rebound.
9:25 of 3rd period - Slapshot by Keith Seabrook.
9:25 of 3rd period - Stopped by Calvin Pickard with a rebound.
9:27 of 3rd period - Slapshot by Kane Lafranchise.
9:27 of 3rd period - Stopped by Calvin Pickard with a rebound.
9:29 of 3rd period - Slapshot by Kane Lafranchise.
9:29 of 3rd period - Shot Blocked by Pierre-Edouard Bellemare.
9:31 of 3rd period - Slapshot by Kane Lafranchise.
9:31 of 3rd period - Shot Misses the Net.
9:33 of 3rd period - Wrist shot by Chandler Stephenson.
9:33 of 3rd period - Shot Misses the Net.
9:35 of 3rd period - Slapshot by Kane Lafranchise.
9:35 of 3rd period - Shot Misses the Net.
9:55 of 3rd period - Slapshot by Cody McLeod.
9:55 of 3rd period - Stopped by Calvin Pickard with a rebound.
9:57 of 3rd period - Wrist shot by Patrick Kaleta.
9:57 of 3rd period - Shot Misses the Net.
10:39 of 3rd period - John McCarthy is hit by Chandler Stephenson and loses puck.
10:58 of 3rd period - Snap shot by Patrick Kaleta.
10:58 of 3rd period - Shot Misses the Net.
11:54 of 3rd period - Snap shot by Carter Rowney.
11:54 of 3rd period - Stopped by Calvin Pickard with a rebound.
11:56 of 3rd period - Wrist shot by Ty Rattie.
11:56 of 3rd period - Stopped by Calvin Pickard with a rebound.
12:32 of 3rd period - Snap shot by Cody McLeod.
12:32 of 3rd period - Stopped by Calvin Pickard with a rebound.
12:34 of 3rd period - Wrist shot by Cody McLeod.
12:34 of 3rd period - Stopped by Calvin Pickard with a rebound.
12:36 of 3rd period - Slapshot by Keith Seabrook.
12:36 of 3rd period - Stopped by Calvin Pickard without a rebound.
12:37 of 3rd period - Alan Quine wins face-off versus Harry Zolnierczyk in Whale zone.
12:37 of 3rd period - Alan Quine is hit by Cody McLeod.
13:17 of 3rd period - Adam Comrie is hit by Iiro Pakarinen.
13:18 of 3rd period - Adam Comrie from Tigers is injured at 13:18 of 3rd period (Sprained Left Knee).
13:19 of 3rd period - Pierre-Edouard Bellemare wins face-off versus Cody McLeod in Tigers zone.
13:34 of 3rd period - Alexander Khokhlachev is hit by Corey Tropp and loses puck.
14:18 of 3rd period - Wrist shot by Carter Rowney.
14:18 of 3rd period - Shot Misses the Net.
14:56 of 3rd period - Slapshot by Anthony Peluso.
14:56 of 3rd period - Stopped by Calvin Pickard with a rebound.
14:58 of 3rd period - Slapshot by Connor Carrick.
14:58 of 3rd period - Deflect By Anthony Peluso.
14:58 of 3rd period - Shot Misses the Net.
14:58 of 3rd period - Puck is out of play.
14:59 of 3rd period - Chandler Stephenson wins face-off versus Alan Quine in Whale zone.
15:12 of 3rd period - Wrist shot by Alan Quine.
15:12 of 3rd period - Stopped by Cam Ward without a rebound.
15:13 of 3rd period - Alan Quine wins face-off versus Alexander Khokhlachev in Tigers zone.
15:28 of 3rd period - Slapshot by Pierre-Edouard Bellemare.
15:28 of 3rd period - Stopped by Cam Ward with a rebound.
15:32 of 3rd period - Snap shot by Alan Quine.
15:32 of 3rd period - Shot Misses the Net.
15:34 of 3rd period - Wrist shot by Pierre-Edouard Bellemare.
15:34 of 3rd period - Shot Misses the Net.
16:33 of 3rd period - Minor Penalty to Matt Halischuk for Hooking.
16:34 of 3rd period - Alexander Khokhlachev wins face-off versus Pierre-Edouard Bellemare in Whale zone.
17:19 of 3rd period - Wrist shot by Ty Rattie.
17:19 of 3rd period - Stopped by Calvin Pickard with a rebound.
17:21 of 3rd period - Snap shot by Carter Rowney.
17:21 of 3rd period - Shot Misses the Net.
17:23 of 3rd period - Snap shot by Brandon Bollig.
17:23 of 3rd period - Stopped by Calvin Pickard with a rebound.
17:25 of 3rd period - Slapshot by Kane Lafranchise.
17:25 of 3rd period - Shot Blocked by Pierre-Edouard Bellemare.
18:20 of 3rd period - Snap shot by Ty Rattie.
18:20 of 3rd period - Shot Misses the Net.
18:33 of 3rd period - Penalty to Matt Halischuk is over, Matt Halischuk is back on ice.
18:50 of 3rd period - Snap shot by Iiro Pakarinen.
18:50 of 3rd period - Stopped by Cam Ward without a rebound.
18:51 of 3rd period - Rick Tocchet call a timeout for Whale.
18:51 of 3rd period - Harry Zolnierczyk wins face-off versus Iiro Pakarinen in Tigers zone.
18:58 of 3rd period - Snap shot by Brandon Defazio.
18:58 of 3rd period - Shot Blocked by John McCarthy.
19:04 of 3rd period - Whale, Calvin Pickard is pulled from the net.
19:10 of 3rd period - Wrist shot by Shane Prince.
19:10 of 3rd period - Deflect By Iiro Pakarinen.
19:10 of 3rd period - Stopped by Cam Ward with a rebound.
19:18 of 3rd period - Snap shot by Shane Prince.
19:18 of 3rd period - Stopped by Cam Ward with a rebound.
19:20 of 3rd period - Wrist shot by Iiro Pakarinen.
19:20 of 3rd period - Stopped by Cam Ward with a rebound.
19:44 of 3rd period - Jordan Leopold is hit by Matt Halischuk and loses puck.
19:51 of 3rd period - Snap shot by Corey Tropp.
19:51 of 3rd period - Shot Misses the Net.
Goals for this period are 0 for Whale vs 0 for Tigers.
Shots for this period are 10 for Whale vs 20 for Tigers.